 Dungeon Crawl Stone Soup version 0.27-a0-695-gb4952372f7 (webtiles) character file.

Game seed: 14126322274866601615

3168 Essalna the Thaumaturge (level 9, -14/48 HPs)
             Began as a Deep Elf Fire Elementalist on Mar 22, 2021.
             Was a Follower of Vehumet.
             Shot with an arrow by a centaur (15 damage)
             ... on level 8 of the Dungeon.
             The game lasted 00:16:47 (9295 turns).

Essalna the Thaumaturge (DEFE)                      Turns: 9295, Time: 00:16:48

Health: -14/48     AC:  4    Str:  5    XL:     9   Next: 63%
Magic:  33/33      EV: 12    Int: 24    God:    Vehumet [*.....]
Gold:   401        SH:  5    Dex: 15    Spells: 16/26 levels left

rFire    . . .     SeeInvis .   b - +0 whip
rCold    . . .     Faith    .   k - +0 buckler
rNeg     . . .     Spirit   .   A - +2 robe
rPois    +         Reflect  .   (no helmet)
rElec    .         Harm     .   (no cloak)
rCorr    .         Rampage  .   (no gloves)
Will     .....                  (no boots)
Stlth    ++........             (no amulet)
HPRegen  0.16/turn              w - ring of magical power
MPRegen  0.23/turn              t - ring of poison resistance

@: invisible
A: no striking features
a: Renounce Religion


You were on level 8 of the Dungeon.
You worshipped Vehumet.
Vehumet was aware of your devotion.
You visited 2 branches of the dungeon, and saw 9 of its levels.

You collected 401 gold pieces.

Inventory:

Hand Weapons
 b - a +0 whip (weapon)
Armour
 a - a +0 robe
 k - a +0 buckler (worn)
 A - a +2 robe (worn)
Jewellery
 f - a ring of willpower
 l - a ring of ice
 t - a ring of poison resistance (left hand)
 w - a ring of magical power (right hand)
Wands
 u - a wand of paralysis (9)
Scrolls
 c - a scroll of noise {unknown}
 d - 2 scrolls of immolation
 h - 2 scrolls of random uselessness {unknown}
 i - 6 scrolls of identify {unknown}
 j - a scroll of fear {unknown}
 m - a scroll of acquirement {unknown}
 o - 2 scrolls of teleportation {unknown}
 q - 2 scrolls of magic mapping {unknown}
 v - a scroll of amnesia {unknown}
 x - a scroll of blinking {unknown}
 y - 2 scrolls of fog {unknown}
Potions
 e - a potion of might
 g - 2 potions of haste {unknown}
 n - a potion of cancellation {unknown}
 p - a potion of degeneration {unknown}
 r - 3 potions of curing {unknown}
 s - 2 potions of heal wounds {unknown}
 z - a potion of lignification {unknown}


   Skills:
 + Level 2.2 Fighting
 + Level 2.2 Armour
 - Level 2.4 Dodging
 - Level 2.4 Stealth
 - Level 4.0 Shields
 + Level 9.3 Spellcasting
 + Level 7.6 Conjurations
 + Level 8.2 Fire Magic


You had 16 spell levels left.
You knew the following spells:

 Your Spells              Type           Power      Damage    Failure   Level
a - Foxfire               Conj/Fire      100%       2x1d9     1%          1
b - Sticky Flame          Conj/Fire      49%        2d7       2%          4
c - Fireball              Conj/Fire      24%        3d11      6%          5

Your spell library contained the following spells:

 Spells                   Type           Power      Damage    Failure   Level
 Shock                    Conj/Air       100%       1d9       1%          1
 Conjure Flame            Conj/Fire      49%        6-21      1%          3
 Inner Flame              Hex/Fire       30%        N/A       3%          3
 Animate Skeleton         Necr           22%        N/A       5%          1
 Freeze                   Ice            44%        1d6       5%          1
 Pain                     Necr           44%        1d6       5%          1
 Hailstorm                Conj/Ice       29%        3d8       12%         4
 Frozen Ramparts          Ice            22%        1d4       17%         3
 Ozocubu's Armour         Ice            11%        N/A       17%         3
 Vampiric Draining        Necr           5%         2d6       17%         3
 Animate Dead             Necr           5%         N/A       50%         4
 Summon Ice Beast         Ice/Summ       11%        N/A       50%         4
 Agony                    Necr           11%        N/A       83%         5


Dungeon Overview and Level Annotations

Branches:
Dungeon (8/15)             Temple (1/1) D:5
   Lair: D:8-11

Altars:
Ashenzari
Kikubaaqudgha
Nemelex Xobeh
Trog
Uskayaw
Vehumet
Yredelemnul
Zin

Shops:
D:2 :   D:3 !?((=   D:6 (

Portals:
Abyss: D:8

Annotations:
D:4 1 runed translucent door, terminal's ghost, weakling VSEn
D:8 1 transporter, DarkShadow's ghost, novice TrBe


Message History

The ogre is covered in liquid flames!
The ogre burns!
The foxfire hits the ogre.
The ogre is almost dead.
The foxfire hits the ogre!
You kill the ogre!
Vehumet accepts your kill.
You see here a +0 giant club.
Found a robe.
You see here a +0 robe.
Done exploring.
Done exploring.
Done exploring.
Done exploring.
Done exploring.
Done exploring.
There is a stone staircase leading down here.
Done exploring.
Done exploring.
Done exploring.
You climb downwards.
There is a stone staircase leading up here.
Found 20 stones.
There is a stone staircase leading up here.
Found a transporter.
Found a one-way gate to the infinite horrors of the Abyss.
A centaur comes into view.
The centaur shouts!
You hear an angry buzzing noise.
The centaur wields a +0 shortbow.
The centaur shoots an arrow.
The arrow hits you!
A centaur comes into view.
The centaur shoots an arrow.
The arrow hits you!
A hornet comes into view.
The centaur shoots an arrow.
The arrow hits you!
* * * LOW HITPOINT WARNING * * *
You hear a shout!
You fade into invisibility!
The centaur shoots an arrow.
The arrow hits you!
* * * LOW HITPOINT WARNING * * *
The centaur shoots an arrow.
The arrow hits you!
You die...

. ######### ..
#....(..# ...
#.###.#.# .c..
.......<# .....
........########cc....
.###......##.....y....
#..###...@####.....
#.# ##..## #.. ...
##.# .... ### #... ...
#.# ....# #....#
#...## ##..©#


You could see a hornet and 2 centaurs.

Vanquished Creatures
  Grinder (D:3)
  Prince Ribbit (D:5)
  Sigmund (D:6)
  Edmund (D:6)
  A water moccasin (D:6)
  2 black bears (D:7)
  2 orc warriors
  An ice beast (D:6)
  3 sky beasts
  5 ogres
  A centaur (D:5)
  Blork the orc (D:6)
  A bullfrog (D:6)
  A water moccasin zombie (D:7)
  4 wights (D:6)
  2 bullfrog zombies (D:6)
  A centaur zombie (D:5)
  A hound (D:5)
  A quasit (D:5)
  An orc priest (D:4)
  2 centaur skeletons
  6 orc wizards
  Natasha (D:4)
  Ijyb (D:3)
  5 worker ants
  A hound zombie (D:4)
  2 howler monkey zombies
  A worker ant zombie (D:7)
  7 adders
  A shadow imp (D:7)
  2 white imps
  An adder zombie (D:4)
  An adder skeleton (D:4)
  3 worms
  2 dart slugs (D:1)
  5 leopard geckos
  17 orcs
  8 giant cockroaches
  5 goblins
  6 hobgoblins
  13 jackals
  3 quokkas
  2 ball pythons
  8 bats
  6 frilled lizards
  7 kobolds
  A leopard gecko skeleton (D:4)
  A leopard gecko zombie (D:5)
  A quokka skeleton (D:6)
  8 rats
159 creatures vanquished.

Vanquished Creatures (collateral kills)
  2 foxfires (D:7)
2 creatures vanquished.

Vanquished Creatures (others)
  1082 foxfires
1082 creatures vanquished.

Grand Total: 1243 creatures vanquished

Notes
Turn   | Place    | Note
-------+----------+-------------------------------------------
     0 | D:1      | Essalna the Deep Elf Fire Elementalist began the quest for
                  | the Orb.
     0 | D:1      | Reached XP level 1. HP: 10/10 MP: 6/6
   400 | D:1      | Reached XP level 2. HP: 15/15 MP: 1/8
   867 | D:1      | Reached XP level 3. HP: 19/19 MP: 5/10
  1692 | D:2      | Reached skill level 4 in Spellcasting
  1994 | D:2      | Found Utosheo's Book Emporium.
  2068 | D:2      | Reached XP level 4. HP: 24/24 MP: 6/12
  2966 | D:3      | Noticed Ijyb
  2998 | D:3      | Found Tur Rith's Weapon Boutique.
  3103 | D:3      | Reached XP level 5. HP: 22/28 MP: 2/14
  3231 | D:3      | Noticed Grinder
  3277 | D:3      | Killed Grinder
  3278 | D:3      | Reached skill level 5 in Spellcasting
  3278 | D:3      | Reached skill level 5 in Fire Magic
  3278 | D:3      | Reached XP level 6. HP: 18/32 MP: 9/16
  3609 | D:3      | Found Deeq's Antique Weapon Emporium.
  3627 | D:3      | Killed Ijyb
  3690 | D:3      | Found Jyski's Magic Scroll Shoppe.
  3708 | D:3      | Learned a level 4 spell: Sticky Flame
  3714 | D:3      | Learned a level 5 spell: Fireball
  3770 | D:3      | Found Goesekke's Distillery.
  4027 | D:3      | Found Zexkeh's Jewellery Emporium.
  4390 | D:4      | Reached skill level 1 in Shields
  4390 | D:4      | Reached skill level 6 in Spellcasting
  4491 | D:4      | Found a runed translucent door.
  4492 | D:4      | Noticed terminal's ghost (weakling VSEn)
  4515 | D:4      | Reached XP level 7. HP: 36/36 MP: 12/18
  4879 | D:4      | Noticed Natasha
  4884 | D:4      | Killed Natasha
  5184 | D:4      | Reached skill level 5 in Conjurations
  5274 | D:4      | Found a broken altar of Ashenzari.
  5473 | D:5      | Entered Level 5 of the Dungeon
  5637 | D:5      | Reached skill level 7 in Spellcasting
  5736 | D:5      | Found a staircase to the Ecumenical Temple.
  5744 | Temple   | Entered the Ecumenical Temple
  5754 | Temple   | Became a worshipper of Vehumet
  5812 | D:5      | Noticed Prince Ribbit
  5818 | D:5      | Killed Prince Ribbit
  5819 | D:5      | Reached XP level 8. HP: 41/41 MP: 11/21
  6099 | D:6      | Noticed Edmund
  6216 | D:6      | Found Naximoxif's Antique Weapon Emporium.
  6719 | D:6      | Noticed Sigmund
  6727 | D:6      | Killed Sigmund
  6728 | D:6      | Reached skill level 8 in Spellcasting
  7025 | D:5      | Found a bloodstained altar of Trog.
  7454 | D:6      | Killed Edmund
  7690 | D:6      | Reached XP level 9. HP: 45/45 MP: 23/23
  7886 | D:6      | Noticed Blork the orc
  7892 | D:6      | Killed Blork the orc
  8082 | D:6      | Reached skill level 1 in Fighting
  8104 | D:6      | Reached skill level 1 in Armour
  8422 | D:7      | Reached skill level 9 in Spellcasting
  8424 | D:7      | Reached * piety under Vehumet
  8424 | D:7      | Offered knowledge of Shock by Vehumet.
  9285 | D:8      | Found a transporter.
  9286 | D:8      | Noticed a toenail golem
  9287 | D:8      | Found a one-way gate to the infinite horrors of the Abyss.
  9287 | D:8      | Noticed DarkShadow's ghost (novice TrBe)
  9295 | D:8      | HP: 1/48 [centaur/arrow (11)]
  9295 | D:8      | Shot with an arrow by a centaur

Illustrated notes

Levels and vault maps discovered:
D:1:      lordsloth_arrival_two_stooges, layout_basic
D:2:      layout_rooms, serial_shops, shop
D:3:      layout_loops_ring, serial_shops, nicolae_shop_window_shopping, shop,
          shop, shop, shop, uniq_grinder, uniq_ijyb
D:4:      layout_cave_pools, ashenzari_conservatory_becter,
          ebering_ghost_inner_flame, chequers_serial_rivers_micro_a,
          uniq_natasha
D:5:      layout_basic, minmay_temple_entry_grid, bloody_trog,
          uniq_prince_ribbit1
D:6:      layout_rooms, serial_shops,
          nicolae_shop_temple_entry_statues_fountains, uniq_sigmund,
          uniq_blork_the_orc, uniq_edmund
D:7:      layout_rooms, minmay_bent
D:8:      layout_basic, gammafunk_ghost_abyssal_escape, serial_shops, shop
Temple:   compressed_dpeg_circular_temple

Skill      XL: |  1  2  3  4  5  6  7  8  9 |
---------------+----------------------------+-----
Conjurations   | 2 3 4 5 6 7 |  7.6
Spellcasting   | 4 5 6 7 8 9 |  9.3
Fire Magic     | 4 5 6 7 8 |  8.2
Shields        | 1 2 3 4 |  4.0
Fighting       | 2 |  2.2
Armour         | 2 |  2.2
Dodging        | |  2.4
Stealth        | |  2.4

Action                   |  1- 3 |  4- 6 |  7- 9 || total
-------------------------+-------+-------+-------++-------
Melee: Whip              |    16 |     9 |     4 ||    29
 Cast: Foxfire           |   109 |   143 |   385 ||   637
       Sticky Flame      |       |       |     5 ||     5
  Use: Potion            |       |       |     1 ||     1
 Stab: Sleeping          |       |     1 |       ||     1
Armor: Robe              |     7 |     2 |       ||     9
Dodge: Dodged            |    19 |    11 |    23 ||    53
Block: Buckler           |       |       |     8 ||     8

Table legend: (Time is in decaauts)
 A = Elapsed time spent in this place.
 B = Non-inter-level travel time spent in this place.
 C = Inter-level travel time spent in this place.
 D = Time resting spent in this place.
 E = Time spent auto-exploring this place.
 F = Levels seen in this place.
 G = Mean time per level.
                   A        B        C        D        E       F      G
               +--------+--------+--------+--------+--------+-----+--------+
         Total |   9300 |   9030 |    270 |      0 |   7701 |   9 | 1033.3 |
       Dungeon |   9282 |   9018 |    264 |      0 |   7701 |   8 | 1160.2 |
        Temple |     17 |     11 |      6 |      0 |      0 |   1 |   17.0 |
               +--------+--------+--------+--------+--------+-----+--------+

Top non-repeatable levels by time:
     D:6: 1632 daAuts
     D:1: 1608 daAuts
     D:2: 1344 daAuts
     D:4: 1300 daAuts
     D:5: 1262 daAuts
     D:3: 1223 daAuts
     D:7: 891 daAuts
     D:8: 18 daAuts
  Temple: 17 daAuts
